 Dungeon Crawl Stone Soup version 0.27-a0-901-g8736458 (webtiles) character file.

Game seed: 2401509175857062079

2699 Nithhogg the Skirmisher (level 9, -1/72 HPs)
             Began as a Demonspawn Fighter on Apr 5, 2021.
             Was an Initiate of Makhleb.
             Slain by BobRoberts's ghost (13 damage)
             ... on level 6 of the Dungeon.
             The game lasted 00:09:04 (5820 turns).

Nithhogg the Skirmisher (Demonspawn Fighter)        Turns: 5820, Time: 00:09:05

Health: -1/72      AC: 20    Str: 20    XL:     9   Next: 38%
Magic:  11/11      EV:  8    Int:  9    God:    Makhleb [......]
Gold:   251        SH:  4    Dex: 13    Spells: 8/8 levels left

rFire    + . .     SeeInvis .   p - +4 short sword (protect)
rCold    . . .     Faith    .   (no shield)
rNeg     . . .     Spirit   .   z - +0 plate armour
rPois    .         Reflect  .   (no helmet)
rElec    .         Harm     .   (no cloak)
rCorr    .         Rampage  .   (no gloves)
Will     .....                  (no boots)
Stlth    ..........             m - amulet of regeneration
HPRegen  1.22/turn              y - ring of protection from fire
MPRegen  0.12/turn              (no ring)

@: protection aura
A: hooves 2, spiny 1, sharp scales 1, condensation shield
a: Renounce Religion


You were on level 6 of the Dungeon.
You worshipped Makhleb.
Makhleb was noncommittal.
You visited 2 branches of the dungeon, and saw 7 of its levels.

You collected 251 gold pieces.

Inventory:

Hand Weapons
 a - a +0 long sword
 p - a +4 short sword of protection (weapon)
Missiles
 l - a throwing net
 o - 2 atropa-tipped darts (quivered)
Armour
 b - a +0 scale mail
 c - a +0 kite shield
 z - a +0 plate armour (worn)
Jewellery
 m - an amulet of regeneration (around neck)
 y - a ring of protection from fire (left hand)
Wands
 w - a wand of iceblast (8)
Scrolls
 d - a scroll of summoning {unknown}
 g - 2 scrolls of enchant armour {unknown}
 i - a scroll of brand weapon {unknown}
 j - a scroll of blinking {unknown}
 k - a scroll of torment {unknown}
 q - a scroll of teleportation {unknown}
 t - a scroll of noise {unknown}
 u - a scroll of enchant weapon {unknown}
 x - a scroll of holy word {unknown}
Potions
 e - 2 potions of degeneration {unknown}
 f - 2 potions of curing
 h - 7 potions of lignification {unknown}
 n - a potion of attraction {unknown}
 r - a potion of magic {unknown}
 s - a potion of brilliance {unknown}
 v - a potion of invisibility {unknown}


   Skills:
 + Level 7.0 Fighting
 + Level 6.0 Long Blades
 + Level 6.4 Armour
 + Level 5.6 Dodging
 - Level 2.6 Shields
 + Level 3.1 Invocations


You had 8 spell levels left.
You didn't know any spells.
Your spell library contained the following spells:

 Spells                   Type           Power      Damage    Failure   Level
 Confusing Touch          Hex            0%         N/A       100%        3
 Gell's Gravitas          Tloc           0%         N/A       100%        3
 Petrify                  Tmut/Erth      0%         N/A       100%        4
 Metabolic Englaciation   Hex/Ice        0%         N/A       100%        5
 Yara's Violent Unravell  Hex/Tmut       0%         3d3       100%        5


Dungeon Overview and Level Annotations

Branches:
Dungeon (6/15)             Temple (1/1) D:5

Altars:
Cheibriados
Dithmenos
Fedhas
Gozag
Hepliaklqana
Makhleb
Nemelex Xobeh
Okawaru
Qazlal
Vehumet
Wu Jian
Xom
Yredelemnul
Zin
The Shining One
Lugonu

Shops:
D:3 :   D:6 :

Annotations:
D:6 BobRoberts's ghost, novice DrBe


Innate Abilities, Weirdness & Mutations

You have hoof-like feet.
You are partially covered in sharp spines.
You are partially covered in razor-sharp scales. (AC +1, Slay +1)
A meltable shield of frost defends you. (SH +4)


Message History

Makhleb accepts your kill.
BobRoberts's ghost hits you but does no damage.
The centaur zombie is struck by your spines.
The centaur zombie hits you but does no damage.
The centaur zombie barely misses you.
Your Fighting skill increases to level 7!
You hit the centaur zombie.
The centaur zombie is moderately damaged.
BobRoberts's ghost hits you!
The centaur zombie hits you but does no damage.
The centaur zombie kicks you but does no damage.
You puncture the centaur zombie! You kick the centaur zombie!
The centaur zombie is severely damaged.
Something hits you but does no damage. Something bites you.
Something draws strength from your injuries!
BobRoberts's ghost barely misses you.
The centaur zombie is struck by your spines.
The centaur zombie hits you but does no damage.
The centaur zombie closely misses you.
You puncture the centaur zombie!
You destroy the centaur zombie!
Makhleb accepts your kill. Something hits you. You block something's attack.
BobRoberts's ghost hits you but does no damage.
You completely miss BobRoberts's ghost. Something hits you but does no damage.
Something bites you.
Something draws strength from your injuries!
BobRoberts's ghost is struck by your spines.
BobRoberts's ghost hits you!
You barely miss BobRoberts's ghost. Your kick misses BobRoberts's ghost.
BobRoberts's ghost is lightly damaged.
Something hits you! Something bites you but does no damage.
BobRoberts's ghost hits you!
* * * LOW HITPOINT WARNING * * *
You are too injured to fight recklessly!
You enter the transporter and appear at another place.
Something hits you!
* * * LOW HITPOINT WARNING * * *
Something completely misses you. BobRoberts's ghost hits you!
You die...

#.......)........##.....
#.......................
#.......#############...
#.......#...........#..#
#.......#...........#...
##......#..###.###..#...
#......#..#8#.#8#..#...
#......#...........#...
#########.W@#[....©.....#©..
#...........#...........#...
#.#########.#M.#8#.#8#..#...
#.# #.......#..###.###..#...
#.# #.......#...........#.#.
#.###.......#§..........#.#.
#...........#############.#.
#####.........[...........##
#######....#.............


You could see a mummy and BobRoberts's ghost.

Vanquished Creatures
  Grinder (D:4)
  Sigmund (D:4)
  Menkaure (D:4)
  Edmund (D:4)
  An orc warrior (D:6)
  A sky beast (D:6)
  An ice beast (D:6)
  A hornet zombie (D:6)
  2 necrophages
  3 ogres (D:5)
  2 phantoms (D:6)
  A scorpion (D:4)
  A wyvern zombie (D:6)
  5 killer bees (D:5)
  3 howler monkeys
  A spectral centaur (D:6)
  2 centaur zombies (D:6)
  A jelly (D:5)
  Crazy Yiuf (D:4)
  2 centaur skeletons
  A hound (D:4)
  A bullfrog skeleton (D:4)
  2 iguanas
  Terence (D:3)
  Natasha (thrice) (D:4)
  An orc wizard (D:6)
  13 adders
  A gnoll (D:5)
  A white imp (D:6)
  2 adder skeletons
  A worm (D:2)
  A dart slug (D:3)
  7 orcs
  4 bats
  10 endoplasms
  3 giant cockroaches
  4 goblins
  10 hobgoblins
  11 jackals
  6 kobolds
  7 quokkas
  9 ball pythons
  3 frilled lizards
  7 rats
141 creatures vanquished.

Vanquished Creatures (others)
  A plant (D:5)
1 creature vanquished.

Grand Total: 142 creatures vanquished

Notes
Turn   | Place    | Note
-------+----------+-------------------------------------------
     0 | D:1      | Nithhogg the Demonspawn Fighter began the quest for the
                  | Orb.
     0 | D:1      | Reached XP level 1. HP: 18/18 MP: 1/1
   339 | D:1      | Gained mutation: You have large cloven feet. [demonic
                  | ancestry]
   339 | D:1      | Reached XP level 2. HP: 24/24 MP: 2/2
   676 | D:2      | Found a faded altar of an unknown god.
   709 | D:2      | Reached skill level 1 in Dodging
   713 | D:2      | Gained mutation: You are partially covered in sharp spines.
                  | [demonic ancestry]
   713 | D:2      | Reached XP level 3. HP: 16/29 MP: 3/3
  1379 | D:3      | Noticed Terence
  1389 | D:3      | Killed Terence
  1390 | D:3      | Gained mutation: You have hoof-like feet. [demonic
                  | ancestry]
  1390 | D:3      | Reached XP level 4. HP: 18/36 MP: 4/4
  1819 | D:3      | Found Bipahan's Book Boutique.
  2072 | D:3      | Gained mutation: You are partially covered in razor-sharp
                  | scales. (AC +1, Slay +1) [demonic ancestry]
  2072 | D:3      | Reached XP level 5. HP: 42/42 MP: 5/5
  2148 | D:4      | Noticed Grinder
  2220 | D:4      | Killed Grinder
  2221 | D:4      | Reached skill level 4 in Fighting
  2221 | D:4      | Reached XP level 6. HP: 26/49 MP: 6/6
  2455 | D:4      | Noticed Edmund
  2473 | D:4      | Killed Edmund
  2623 | D:4      | Gained mutation: A meltable shield of frost defends you.
                  | (SH +4) [demonic ancestry]
  2623 | D:4      | Reached XP level 7. HP: 38/55 MP: 7/7
  2841 | D:4      | Noticed Sigmund
  3037 | D:4      | Killed Sigmund
  3038 | D:4      | Reached skill level 5 in Fighting
  3144 | D:4      | Noticed Natasha
  3152 | D:4      | Killed Natasha
  3338 | D:4      | Noticed Natasha
  3345 | D:4      | Killed Natasha
  3417 | D:4      | Noticed Natasha
  3423 | D:4      | Killed Natasha
  3445 | D:4      | Found a runed translucent door.
  3446 | D:4      | Noticed Crazy Yiuf
  3453 | D:4      | Killed Crazy Yiuf
  3666 | D:4      | Noticed Menkaure
  3675 | D:4      | Killed Menkaure
  3676 | D:4      | Reached skill level 5 in Armour
  3676 | D:4      | Reached XP level 8. HP: 18/63 MP: 8/8
  4246 | D:5      | Entered Level 5 of the Dungeon
  4334 | D:5      | Reached skill level 5 in Long Blades
  4343 | D:5      | Found a staircase to the Ecumenical Temple.
  4358 | D:5      | Reached skill level 6 in Fighting
  4371 | Temple   | Entered the Ecumenical Temple
  4675 | D:5      | Found an iron altar of Okawaru.
  4732 | D:5      | Reached skill level 5 in Dodging
  4961 | D:6      | Found an ornate altar of the Wu Jian Council.
  4961 | D:6      | Found a faded altar of an unknown god.
  4969 | D:6      | Found a burning altar of Makhleb.
  4971 | D:6      | Found a basalt altar of Yredelemnul.
  4973 | D:6      | Found an opulent altar of Gozag.
  4976 | D:6      | Became a worshipper of Makhleb the Destroyer
  5053 | D:6      | Reached skill level 1 in Invocations
  5053 | D:6      | Reached XP level 9. HP: 71/71 MP: 9/9
  5180 | D:6      | Found a transporter.
  5182 | D:6      | Found Urodoa's Book Emporium.
  5182 | D:6      | Noticed BobRoberts's ghost (novice DrBe)
  5406 | D:6      | Found a transporter.
  5815 | D:6      | Reached skill level 7 in Fighting
  5820 | D:6      | Slain by BobRoberts's ghost

Illustrated notes

Levels and vault maps discovered:
D:1:      dpeg_arrival_water_altar, layout_rooms, corner_web_ring
D:2:      layout_rooms, basic_ecumenical_altar, kennysheep_generic_room_3
D:3:      layout_loops_ring, general_overflow_altar, serial_shops, shop,
          uniq_terence
D:4:      layout_loops_corners, nicolae_overflow_crystal_walls,
          corexii_hall_statues_l, uniq_crazy_yiuf_cottage, uniq_natasha,
          uniq_sigmund, uniq_grinder, uniq_menkaure, uniq_edmund
D:5:      layout_rooms, okawaru_altar_gauntlet_db, minmay_temple_entry_overgrown
D:6:      layout_basic, chequers_temple_overflow_minitemple,
          gammafunk_ghost_mausoleum, serial_shops, shop, minmay_quadrilaterals
Temple:   corrupted_temple

Skill      XL: |  1  2  3  4  5  6  7  8  9 |
---------------+----------------------------+-----
Long Blades    | 2 3 4 5 6 |  6.0
Armour         | 3 4 5 6 |  6.4
Dodging        | 1 2 3 4 5 |  5.6
Fighting       | 4 5 6 7 |  7.0
Invocations    | 1 3 |  3.1
Shields        | |  2.6

Action                   |  1- 3 |  4- 6 |  7- 9 || total
-------------------------+-------+-------+-------++-------
Melee: Long sword        |    84 |       |       ||    84
       Kick              |    17 |    16 |    60 ||    93
       Short sword       |       |    75 |   203 ||   278
Throw: Dart              |       |     2 |       ||     2
       Throwing net      |       |     1 |       ||     1
  Use: Potion            |       |     1 |       ||     1
Armor: Scale mail        |    39 |    21 |    56 ||   116
       Plate armour      |       |       |    31 ||    31
Dodge: Dodged            |    42 |    29 |    92 ||   163
Block: Other             |       |       |    31 ||    31
       Rpst.: Long sword |    13 |       |       ||    13

Table legend: (Time is in decaauts)
 A = Elapsed time spent in this place.
 B = Non-inter-level travel time spent in this place.
 C = Inter-level travel time spent in this place.
 D = Time resting spent in this place.
 E = Time spent auto-exploring this place.
 F = Levels seen in this place.
 G = Mean time per level.
                   A        B        C        D        E       F      G
               +--------+--------+--------+--------+--------+-----+--------+
         Total |   5840 |   5692 |    148 |    672 |   4048 |   7 |  834.3 |
       Dungeon |   5768 |   5632 |    136 |    672 |   3989 |   6 |  961.3 |
        Temple |     72 |     60 |     12 |      0 |     58 |   1 |   72.0 |
               +--------+--------+--------+--------+--------+-----+--------+

Top non-repeatable levels by time:
     D:4: 1934 daAuts
     D:3: 1019 daAuts
     D:6: 902 daAuts
     D:1: 684 daAuts
     D:2: 637 daAuts
     D:5: 589 daAuts
  Temple: 72 daAuts
